 Dungeon Crawl Stone Soup version 0.20-a0-309-gcba9277 (webtiles) character file.

6277 Gorice the Carver (level 10, -1/93 HPs)
             Began as a Minotaur Arcane Marksman on Dec 18, 2016.
             Was a High Priest of Okawaru.
             Slain by a two-headed ogre
             ... wielding a +0 giant spiked club
              (7 damage)
             ... on level 10 of the Dungeon.
             The game lasted 00:41:30 (8291 turns).

Gorice the Carver (Minotaur Arcane Marksman)        Turns: 8291, Time: 00:41:33

Health: -1/93      AC: 13    Str: 18    XL:     10   Next: 63%
Magic:  9/10       EV:  7    Int: 10    God:    Okawaru [*****.]
Gold:   556        SH:  0    Dex: 11    Spells: 11/11 levels left

rFire  . . .     SeeInvis .     a - +2 long sword (elec)
rCold  + + .     Gourm    .     k - +1 chain mail "Raggisag" {rC+}
rNeg   . . .     Faith    .     (no shield)
rPois  +         Spirit   .     (helmet restricted)
rElec  .         Reflect  .     i - +1 cloak
rCorr  .         Harm     .     Q - +0 pair of gloves
MR     .....                    A - +0 pair of boots
Stlth  ..........               (no amulet)
                                W - ring of poison resistance
                                r - ring of protection from cold

@: no status effects
A: retaliatory headbutt, horns 2
a: Heroism, Finesse, Renounce Religion


You were on level 10 of the Dungeon.
You worshipped Okawaru.
Okawaru was extremely pleased with you.
You were not hungry.

You visited 2 branches of the dungeon, and saw 11 of its levels.

You collected 556 gold pieces.

Inventory:

Hand Weapons
 a - a +2 long sword of electrocution (weapon)
   (You found it on level 4 of the Dungeon)
 b - a +0 hand crossbow
 e - a +0 quarterstaff
 B - a +2 blowgun
 O - the +11 dagger of Circularity {pierce, Int+4 Dex+3}
   (You found it on level 7 of the Dungeon)

   It inflicts extra damage upon your enemies.
   It affects your intelligence (+4).
   It affects your dexterity (+3).
Missiles
 d - 71 bolts
 q - 6 curare-tipped needles
 E - 6 tomahawks (quivered)
 J - 4 javelins
 Y - 2 throwing nets
Armour
 i - a +1 cloak (worn)
 k - the +1 chain mail "Raggisag" (worn) {rC+}
   (You found it on level 10 of the Dungeon)

   It protects you from cold.
 A - a +0 pair of boots (worn)
 Q - a +0 pair of gloves (worn)
 Z - a +3 ring mail of poison resistance
   (You took it off Harold on level 10 of the Dungeon)
Jewellery
 r - a ring of protection from cold (left hand)
 u - an uncursed amulet of magic regeneration
 W - a ring of poison resistance (right hand)
Wands
 y - a wand of flame (36/48)
 H - a wand of flame (30/48)
 P - a wand of digging (22/24)
 S - a wand of polymorph (9/24)
 X - a wand of slowing (17/48)
Scrolls
 v - 2 scrolls of amnesia
 w - 2 scrolls of enchant armour
 x - 7 scrolls of remove curse
 K - a scroll of fear {!r}
 L - 4 scrolls of recharging
 N - a scroll of teleportation {!r}
 U - 4 scrolls of fog
Potions
 g - 7 potions of curing
 h - a potion of cure mutation {unknown}
 j - 2 potions of haste {unknown}
 l - 2 potions of agility {!q}
 n - 3 potions of lignification {!q}
 o - a potion of resistance {unknown}
 p - a potion of experience {unknown}
 s - 7 potions of flight
 t - a potion of invisibility {unknown}
 z - 2 potions of magic {unknown}
 D - 2 potions of ambrosia {unknown}
 G - 2 potions of cancellation {unknown}
 R - 2 potions of might {unknown}
 V - a potion of heal wounds {unknown}
Books
 c - a book of Debilitation
 I - a book of Geomancy
 M - a book of Minor Magic
Comestibles
 f - 11 bread rations {!e}
 m - 8 meat rations {!e}
 C - 7 beef jerkies
 T - a slice of pizza


   Skills:
 + Level 10.2 Fighting
 * Level 11.1 Long Blades
 - Level 9.5 Staves
 - Level 6.2 Crossbows
 - Level 2.1 Dodging
 - Level 1.0 Spellcasting
   Level 2.0 Hexes
 - Level 2.1 Invocations


You had 11 spell levels left.
You didn't know any spells.

Dungeon Overview and Level Annotations

Branches:
Dungeon (10/15)            Temple (1/1) D:6             Orc (0/2) D:9
   Lair: D:8-11

Altars:
Ashenzari
Cheibriados
Dithmenos
Elyvilon
Fedhas
Gozag
Hepliaklqana
Kikubaaqudgha
Makhleb
Nemelex Xobeh
Okawaru
Qazlal
Ru
Sif Muna
Trog
Uskayaw
Vehumet
Xom
Yredelemnul
Zin
The Shining One

Shops:
D:10 (

Annotations:
D:3 Grinder
D:9 vpUX: Fire vault


Innate Abilities, Weirdness & Mutations

You reflexively headbutt those who attack you in melee.
You have a pair of horns on your head.


Message History

Okay, then.
You gain the combat prowess of a mighty hero.
Firing (i - inventory. (,) - cycle):
d - 73 bolts (quivered)
Press: ? - help, Shift-Dir - straight line, f - iguana
Aim: an iguana You shoot a bolt.
The bolt hits the iguana.
The iguana is lightly wounded.
Firing (i - inventory. (,) - cycle):
d - 72 bolts (quivered)
Press: ? - help, Shift-Dir - straight line, f/p - iguana
Aim: an iguana (lightly wounded)
Okay, then.
Firing (i - inventory. (,) - cycle):
d - 72 bolts (quivered)
Press: ? - help, Shift-Dir - straight line, f/p - iguana
Aim: an iguana (lightly wounded)
You shoot a bolt. The bolt hits the two-headed ogre!
The two-headed ogre is lightly wounded.
The two-headed ogre hits you with a giant spiked club!!
The two-headed ogre hits you with a giant club!
Damage: 32 (max 32)
You hear the crackle of electricity.
a - a +2 long sword of electrocution (weapon)
You hit the two-headed ogre.
Your headbutt misses the two-headed ogre.
The two-headed ogre is moderately wounded.
You hit the two-headed ogre.
The two-headed ogre is moderately wounded.
The two-headed ogre misses you.
The two-headed ogre hits you with a giant club!
Damage: 12 (max 32)
You slash the two-headed ogre!
The two-headed ogre is heavily wounded.
You completely miss the two-headed ogre.
You headbutt the two-headed ogre.
The two-headed ogre is severely wounded.
The two-headed ogre hits you with a giant spiked club!!
* * * LOW HITPOINT WARNING * * *
The two-headed ogre completely misses you.
Damage: 23 (max 32)
You feel like a meek peon again.
Fire/throw which item? (* to show all) (? for menu, Esc to quit)
Press: ? - help, Shift-Dir - straight line, f/p - iguana
Aim: an iguana You throw a throwing net.
The throwing net barely misses the two-headed ogre.
The throwing net hits the iguana.
The iguana is caught in the net!
The iguana struggles against the net.
The two-headed ogre hits you with a giant spiked club!!
* * * LOW HITPOINT WARNING * * *
The two-headed ogre hits you with a giant club!
You die...

######.##############.....).....#
..........................).....#
####.######.#########...........#
#.# #.# #...........# #.# #.#
#...........# #.# #.#
#............ #.# #.#
#.#####.#####
####.######.#########.# #.#
................@O.lZ.# #.#
#####################.# #.#
#.Z...... #...(...# #?......# ##
#.......# . ........# # #.......#


You could see a two-headed ogre, an iguana (caught) and a hound skeleton.

Vanquished Creatures
  Harold (D:10)
  Erolcha (D:9)
  A meliai (D:10)
  Prince Ribbit (D:5)
  A hippogriff (D:8)
  Sigmund (D:5)
  Edmund (D:5)
  A soldier ant (D:9)
  2 black bears
  4 ice beasts
  A sky beast (D:8)
  7 ogres
  2 phantoms
  3 centaurs
  6 bullfrogs
  7 scorpions
  5 jellies
  5 killer bees
  4 wights
  4 howler monkeys
  3 crimson imps
  A bullfrog zombie (D:4)
  A quasit (D:7)
  An orc priest (D:6)
  5 hounds
  2 centaur skeletons
  5 iguanas
  2 orc wizards
  2 worker ants
  3 hound skeletons
  5 gnolls
  A howler monkey skeleton (D:5)
  8 adders
  A shadow imp (D:9)
  An ooze (D:4)
  4 worms
  4 dart slugs
  5 leopard geckos
  16 orcs
  3 giant cockroaches
  8 goblins
  6 hobgoblins
  10 jackals
  2 kobolds
  2 quokkas
  A ball python (D:1)
  3 bats
  A frilled lizard (D:4)
  10 rats
174 creatures vanquished.

Notes
Turn   | Place    | Note
-------+----------+-------------------------------------------
     0 | D:1      | Gorice the Minotaur Arcane Marksman began the quest for the Orb.
     0 | D:1      | Reached XP level 1. HP: 16/16 MP: 1/1
   266 | D:1      | Reached skill level 3 in Crossbows
   266 | D:1      | Reached XP level 2. HP: 23/23 MP: 2/2
   726 | D:2      | Found an iron altar of Okawaru.
   734 | D:2      | Became a worshipper of Warmaster Okawaru
   923 | D:2      | Reached XP level 3. HP: 28/28 MP: 3/3
  1066 | D:2      | Reached skill level 4 in Crossbows
  1564 | D:3      | Noticed Grinder
  1605 | D:4      | Noticed an ogre
  1614 | D:4      | Killed an ogre
  1614 | D:4      | Reached skill level 5 in Crossbows
  1614 | D:4      | Reached XP level 4. HP: 23/35 MP: 4/4
  1614 | D:4      | Reached XP level 5. HP: 26/40 MP: 5/5
  1654 | D:4      | Reached skill level 6 in Crossbows
  1758 | D:4      | Reached * piety under Okawaru
  1758 | D:4      | Reached skill level 1 in Staves
  1770 | D:4      | Noticed an ice beast
  1812 | D:4      | Reached skill level 2 in Staves
  1820 | D:3      | Reached skill level 2 in Fighting
  1820 | D:3      | Reached XP level 6. HP: 38/48 MP: 6/6
  1939 | D:3      | Paralysed by Grinder for 7 turns
  2464 | D:4      | Reached skill level 3 in Staves
  2701 | D:4      | Reached skill level 1 in Invocations
  2809 | D:4      | Killed an ice beast
  2809 | D:4      | Reached skill level 3 in Fighting
  2809 | D:4      | Reached skill level 4 in Staves
  2829 | D:4      | HP: 12/51 [ogre/giant club (4)]
  2834 | D:4      | Reached XP level 7. HP: 14/57 MP: 4/7
  2839 | D:4      | HP: 14/57 [dart slug/slug dart (1)]
  3091 | D:4      | Reached ** piety under Okawaru
  3091 | D:4      | Reached skill level 5 in Staves
  3091 | D:4      | Reached skill level 2 in Invocations
  3490 | D:5      | Entered Level 5 of the Dungeon
  3582 | D:5      | Reached skill level 4 in Fighting
  3810 | D:5      | Reached skill level 6 in Staves
  3885 | D:5      | Noticed Edmund
  3959 | D:5      | Killed Edmund
  4142 | D:5      | Reached XP level 8. HP: 67/67 MP: 8/8
  4267 | D:5      | Noticed Sigmund
  4272 | D:5      | Killed Sigmund
  4272 | D:5      | Reached skill level 5 in Fighting
  4272 | D:5      | Reached skill level 7 in Staves
  4315 | D:5      | Noticed Prince Ribbit
  4327 | D:5      | Killed Prince Ribbit
  4327 | D:5      | Reached skill level 8 in Staves
  4546 | D:6      | Reached skill level 6 in Fighting
  4647 | D:6      | Reached skill level 9 in Staves
  4691 | D:6      | Reached *** piety under Okawaru
  4788 | D:6      | Found a staircase to the Ecumenical Temple.
  4797 | Temple   | Entered the Ecumenical Temple
  4979 | D:6      | Reached skill level 1 in Long Blades
  5022 | D:6      | Reached skill level 2 in Long Blades
  5029 | D:6      | Found an opulent altar of Gozag.
  5097 | D:6      | Noticed a moth of wrath
  5099 | D:6      | Found a bloodstained altar of Trog.
  5317 | D:6      | Reached XP level 9. HP: 55/78 MP: 9/9
  5419 | D:7      | Got a crystal dagger
  5420 | D:7      | Identified the +11 dagger of Circularity {pierce, Int+4 Dex+3} (You found it on level 7 of the Dungeon)
  5442 | D:7      | Reached skill level 7 in Fighting
  5442 | D:7      | Reached skill level 3 in Long Blades
  5505 | D:7      | Reached skill level 4 in Long Blades
  5764 | D:8      | Reached skill level 5 in Long Blades
  6166 | D:8      | Reached skill level 6 in Long Blades
  6194 | D:8      | Received a gift from Okawaru
  6249 | D:8      | Found a shimmering altar of Xom.
  6256 | D:8      | Reached skill level 8 in Fighting
  6306 | D:8      | Reached skill level 7 in Long Blades
  6450 | D:8      | Found a basalt altar of Yredelemnul.
  6717 | D:9      | Reached **** piety under Okawaru
  6841 | D:9      | Noticed Erolcha
  6852 | D:9      | Killed Erolcha
  6852 | D:9      | Reached skill level 9 in Fighting
  6852 | D:9      | Reached skill level 8 in Long Blades
  6852 | D:9      | Reached XP level 10. HP: 46/91 MP: 7/10
  6871 | D:8      | Reached skill level 9 in Long Blades
  7265 | D:9      | Found a staircase to the Orcish Mines.
  7292 | D:9      | Received a gift from Okawaru
  7568 | D:9      | Found a shadowy altar of Dithmenos.
  7603 | D:9      | Reached skill level 10 in Long Blades
  7751 | D:10     | Entered Level 10 of the Dungeon
  7751 | D:10     | Found Biec's Weapon Emporium.
  7775 | D:10     | Got an encrusted chain mail
  7828 | D:9      | Identified the +1 chain mail "Raggisag" {rC+} (You found it on level 10 of the Dungeon)
  7844 | D:10     | Noticed Sonja
  7950 | D:10     | Noticed Sonja
  7950 | D:10     | Sonja changed into Sonja the meliai
  7952 | D:10     | Killed Sonja the meliai
  7961 | D:10     | Noticed Harold
  7977 | D:10     | Killed Harold
  7977 | D:10     | Reached ***** piety under Okawaru
  7977 | D:10     | Received a gift from Okawaru
  7977 | D:10     | Received a gift from Okawaru
  7977 | D:10     | Reached skill level 10 in Fighting
  7977 | D:10     | Reached skill level 11 in Long Blades
  8276 | D:10     | Noticed a two-headed ogre
  8285 | D:10     | HP: 26/93 [two-headed ogre/giant spiked club (24)]
  8291 | D:10     | HP: 6/93 [two-headed ogre/giant spiked club (21)]
  8291 | D:10     | Slain by a two-headed ogre

Vault maps used:
D:1:      lightli_arrival_windingriver
D:2:      overflow_temple_1_default
D:3:      minmay_door_path, st_stairs_1, uniq_grinder
D:5:      first_bread, uniq_sigmund, uniq_prince_ribbit1, uniq_edmund
D:6:      tgw_trog, kennysheep_little_box, st_stairs_2
D:8:      yredelemnul_altar_generic, basic_altar, grunt_ogre_cave
D:9:      lemuel_flame_loot_2, nicolae_dithmenos_shadow_blocks, orc_0_dummy,
          uniq_erolcha
D:10:     serial_shops, shop, uniq_harold, uniq_sonja
Temple:   compressed_dpeg_circular_temple

Skill      XL: |  1  2  3  4  5  6  7  8  9 10 |
---------------+-------------------------------+-----
Crossbows      | 3 5 6 |  6.2
Staves         | 2 4 6 9 |  9.5
Fighting       | 2 3 4 6 9 10 | 10.2
Invocations    | 1 2 |  2.1
Long Blades    | 2 8 11 | 11.1
Dodging        | |  2.1
Spellcasting   | |  1.0
Hexes          | |  2.0

Action                   |  1- 3 |  4- 6 |  7- 9 | 10-12 || total
-------------------------+-------+-------+-------+-------++-------
Melee: Mace              |    25 |     3 |       |       ||    28
       Headbutt          |     2 |     8 |    45 |    16 ||    71
       Quarterstaff      |       |    44 |       |       ||    44
       Long sword        |       |     8 |   223 |   104 ||   335
 Fire: Hand crossbow     |    80 |    23 |    23 |    28 ||   154
Throw: Tomahawk          |       |       |    19 |       ||    19
       Throwing net      |       |       |       |     1 ||     1
Invok: Heroism           |       |     1 |     5 |     4 ||    10
Evoke: Wand              |       |       |       |     1 ||     1
  Use: Scroll            |     6 |     7 |     3 |       ||    16
  Eat: Chunk             |     2 |     4 |    12 |     5 ||    23
Armor: Robe              |     1 |       |       |       ||     1
       Chain mail        |    27 |    39 |   173 |    73 ||   312
Dodge: Dodged            |    24 |    22 |   116 |    45 ||   207
       Rpst.: Long sword |       |     1 |    30 |     8 ||    39

Table legend:
 A = Turns spent in this place as a percentage of turns spent in the entire game.
 B = Non-inter-level travel turns spent in this place as a percentage of non-inter-level travel turns spent in the entire game.
 C = Inter-level travel turns spent in this place as a percentage of turns spent in this place.
 D = Turns resting spent in this place as a percentage of non-inter-level travel turns spent in this place.
 E = Turns spent auto-exploring this place as a percentage of non-inter-level travel turns spent in this place.
 F = Non-inter-level travel turns spent in this place divided by the number of levels of this place that you've seen.
                   A       B       C       D       E      F
               +-------+-------+-------+-------+-------+----------------------
         Total | 100.0 | 100.0 |   0.6 |   1.6 |   6.9 | 259.7
       Dungeon |  99.4 |  99.4 |   0.6 |   1.6 |   6.5 | 284.1
        Temple |   0.6 |   0.6 |   5.9 |   0.0 |  87.5 |  16.0
               +-------+-------+-------+-------+-------+----------------------

Vault maps used:
D:1:      lightli_arrival_windingriver
D:2:      overflow_temple_1_default
D:3:      minmay_door_path, st_stairs_1, uniq_grinder
D:5:      first_bread, uniq_sigmund, uniq_prince_ribbit1, uniq_edmund
D:6:      tgw_trog, kennysheep_little_box, st_stairs_2
D:8:      yredelemnul_altar_generic, basic_altar, grunt_ogre_cave
D:9:      lemuel_flame_loot_2, nicolae_dithmenos_shadow_blocks, orc_0_dummy,
          uniq_erolcha
D:10:     serial_shops, shop, uniq_harold, uniq_sonja
Temple:   compressed_dpeg_circular_temple
